 Dungeon Crawl Stone Soup version 0.27.1-33-g824d729ab1 (webtiles) character file.

Game seed: 17434560517049459788

26989 alasdair19 the Basher (level 13, -8/113 HPs)
             Began as a Minotaur Fighter on Nov 27, 2021.
             Was the Champion of Okawaru.
             Killed from afar by a lindwurm (13 damage)
             ... with a blast of flame
             ... in a volcano on Nov 28, 2021.
             The game lasted 01:04:53 (15492 turns).

alasdair19 the Basher (Minotaur Fighter)           Turns: 15492, Time: 01:04:54

Health: -8/113     AC: 23    Str: 25    XL:     13   Next: 1%
Magic:  17/17      EV:  7    Int:  6    God:    Okawaru [******]
Gold:   1070       SH: 18    Dex: 10    Spells: 12/12 levels left

rFire    . . .     SeeInvis +   o - +2 flail (protect)
rCold    . . .     Faith    .   c - +0 kite shield
rNeg     . . .     Spirit   .   C - +0 plate armour {rPois}
rPois    +         Reflect  +   N - +1 hat {SInv}
rElec    .         Harm     .   I - +0 cloak
rCorr    +         Rampage  .   (no gloves)
Will     .....                  v - +0 pair of boots
Stlth    ..........             y - amulet of reflection
HPRegen  0.28/turn              q - +4 ring of protection
MPRegen  0.15/turn              g - ring of resist corrosion

@: studying Maces & Flails
A: horns 2, retaliatory headbutt
a: Renounce Religion, Heroism, Finesse


You were in a volcano.
You worshipped Okawaru.
Okawaru was exalted by your worship.
You visited 3 branches of the dungeon, and saw 15 of its levels.
You also visited: Bailey and Volcano.

You collected 1310 gold pieces.
You spent 240 gold pieces at shops.

Inventory:

Hand Weapons
 o - a +2 flail of protection (weapon)
 u - a +0 lajatang
 A - a +0 morningstar
 O - a +2 antimagic flail
 P - the +4 demon whip of Wounding {freeze, Str-3 Int+6}
   (Okawaru gifted it to you on level 11 of the Dungeon)

   It freezes those it strikes, dealing additional cold damage.
   It can also slow down cold-blooded creatures.
   Str:       It affects your strength (-3).
   Int:       It affects your intelligence (+6).
Missiles
 l - 13 poisoned darts (quivered)
 x - 5 boomerangs
 F - 2 throwing nets
 H - 5 silver javelins
Armour
 c - a +0 kite shield (worn)
 v - a +0 pair of boots (worn)
 B - +0 swamp dragon scales
 C - a +0 plate armour of poison resistance (worn)
 I - a +0 cloak (worn)
 N - a +1 hat of see invisible (worn)
 Q - a +2 hat
 V - the +0 tower shield of the Nexus {rElec Str-5 Dex+3}
   (Okawaru gifted it to you on level 1 of the Lair of Beasts)

   Str:       It affects your strength (-5).
   Dex:       It affects your dexterity (+3).
   rElec:     It insulates you from electricity.
Jewellery
 a - a ring of see invisible
 g - a ring of resist corrosion (right hand)
 k - an amulet of magic regeneration
 q - a +4 ring of protection (left hand)
 w - a ring of poison resistance
 y - an amulet of reflection (around neck)
 J - a +4 ring of evasion
Wands
 h - a wand of acid (27)
 G - a wand of polymorph (7)
 R - a wand of paralysis (9)
 T - a wand of flame (18)
 U - a wand of iceblast (8)
Scrolls
 b - 4 scrolls of amnesia
 d - 4 scrolls of teleportation
 e - a scroll of acquirement
 i - 2 scrolls of enchant weapon
 j - a scroll of vulnerability {unknown}
 n - a scroll of silence {unknown}
 K - 2 scrolls of holy word
 S - 3 scrolls of magic mapping
Potions
 f - 4 potions of curing
 p - a potion of resistance
 r - 5 potions of ambrosia
 s - a potion of experience
 t - 3 potions of flight
 z - a potion of haste
 D - a potion of magic
 E - 2 potions of brilliance
 L - a potion of mutation
Miscellaneous
 M - a lightning rod (4/4)
 W - a phantom mirror
 Y - a phial of floods


   Skills:
 + Level 10.1 Fighting
 - Level 14.2 Maces & Flails
 + Level 7.6 Throwing
 + Level 11.5 Armour
 - Level 0.1 Dodging
 + Level 13.4 Shields
 * Level 7.4 Invocations
 + Level 3.8 Evocations


You had 12 spell levels left.
You didn't know any spells.
Your spell library contained the following spells:

 Spells                   Type           Power      Damage    Failure   Level
 Foxfire                  Conj/Fire      0%         2x1d4     99%         1
 Magic Dart               Conj           0%         1d3       99%         1
 Sting                    Tmut/Pois      0%         1d3       99%         1
 Call Imp                 Summ           0%         N/A       100%        2
 Poisonous Vapours        Pois/Air       0%         N/A       100%        2
 Static Discharge         Conj/Air       0%         N/A       100%        2
 Sublimation of Blood     Necr           0%         N/A       100%        2
 Call Canine Familiar     Summ           0%         N/A       100%        3
 Conjure Flame            Conj/Fire      0%         6-21      100%        3
 Inner Flame              Hex/Fire       0%         N/A       100%        3
 Mephitic Cloud           Conj/Pois/Air  0%         N/A       100%        3
 Portal Projectile        Hex/Tloc       0%         N/A       100%        3
 Airstrike                Air            0%         N/A       100%        4
 Dispel Undead            Necr           0%         3d6       100%        4
 Leda's Liquefaction      Hex/Erth       0%         N/A       100%        4
 Olgreb's Toxic Radiance  Pois           0%         N/A       100%        4
 Petrify                  Tmut/Erth      0%         N/A       100%        4
 Sticky Flame             Conj/Fire      0%         2d3       100%        4
 Summon Lightning Spire   Summ/Air       0%         N/A       100%        4
 Irradiate                Conj/Tmut      0%         3d13      100%        5
 Lightning Bolt           Conj/Air       0%         1d11      100%        5


Dungeon Overview and Level Annotations

Branches:
Dungeon (11/15)            Temple (1/1) D:4            Lair (3/6) D:11
  Swamp (0/4) Lair:3        Snake (0/4) Lair:3          Orc (0/2) D:11
 Bailey (visited)         Volcano (1/1)

Altars:
Cheibriados
Hepliaklqana
Nemelex Xobeh
Okawaru
Qazlal
Ru
Trog
Uskayaw
Vehumet
Zin
The Shining One
Beogh

Shops:
D:7 =

Annotations:
D:3 2 transporters, Garym's ghost, amateur DsAK
Lair:2 2 runed translucent doors, exclusion: 2 oklob plants, Haraddelas's ghost, journeyman OpTm


Innate Abilities, Weirdness & Mutations

You have a pair of horns on your head.
You reflexively headbutt those who attack you in melee.


Message History

A fire vortex is nearby!
A fire vortex is nearby!
Press: ? - help, v - describe, . - travel
Here: a fire vortex The floor.
A fire vortex is nearby!
Hit: o) +2 flail (protect)
Press: ? - help, Dir - move target, p - fire vortex
Okay, then.
Unknown command.
The lindwurm roars! x2
You see here a +0 mace.
There is an open door here.
The lindwurm breathes flames at you. The blast of flame hits you!!
The lindwurm breathes flames at you. The blast of flame hits you!!
* * * LOW HITPOINT WARNING * * *
The lindwurm breathes flames at you. The blast of flame hits you!
* * * LOW HITPOINT WARNING * * *
Okay, then.
You feel much better.
As you read the scroll of fog, it crumbles to dust.
The scroll dissolves into smoke.
The lindwurm breathes flames at you. The blast of flame hits you.
* * * LOW HITPOINT WARNING * * *
The lindwurm breathes flames at you. The blast of flame hits you!
* * * LOW HITPOINT WARNING * * *
The lindwurm breathes flames at you. The blast of flame hits you.
* * * LOW HITPOINT WARNING * * *
The lindwurm breathes flames at you. The blast of flame hits you!
* * * LOW HITPOINT WARNING * * *
The lindwurm breathes flames at you. The blast of flame hits you!
You die...

###'#
####§§##
##§§§§§§#
##§§§§v§##
#§§§§§..#
#§≈§§§kk##
#.§§§≈≈≈≈#
###...≈≈≈#
###..@##
####+


You could see 2 lindwurms and a fire vortex.

Vanquished Creatures
  Gastronok (D:10)
  Harold (D:9)
  2 hydras (Lair:3)
  2 boulder beetles
  Erica (D:10)
  2 two-headed ogres
  A tengu warrior (D:10)
  Nergalle (D:10)
  A cyclops (D:9)
  Maurice (D:9)
  2 manticores (D:11)
  5 elephants (Lair:2)
  A molten gargoyle (Volcano)
  Joseph (D:9)
  4 cane toads
  Maggie (D:8)
  A rime drake (Lair:3)
  6 komodo dragons
  Prince Ribbit (D:5)
  2 trolls
  3 blink frogs (Lair:1)
  A wraith (D:11)
  2 wyverns
  3 fire bats (Lair:3)
  11 yaks
  A steam dragon (Lair:2)
  A fire elemental (Volcano)
  2 vampire mosquitoes (Lair:3)
  6 basilisks
  3 swamp worms (Lair:1)
  An acid dragon (D:11)
  Duvessa (D:5)
  3 ice beasts
  4 water moccasins (Lair:1)
  2 black bears
  12 orc warriors
  A sky beast (D:6)
  9 wolves (Lair:2)
  3 centaurs
  3 ogres
  A phantom (D:6)
  12 bullfrogs
  3 earth elementals (Volcano)
  6 scorpions
  Dowan (D:5)
  A water moccasin zombie (D:5)
  6 killer bees (D:9)
  2 howler monkeys (D:6)
  2 bullfrog zombies
  6 hounds
  7 orc priests
  3 centaur zombies
  2 jellies
  A bullfrog skeleton (D:6)
  4 centaur skeletons
  4 iguanas
  A scorpion zombie (D:5)
  7 orc wizards
  A hound skeleton (D:4)
  A howler monkey zombie (D:9)
  7 gnolls
  3 adders
  2 shadow imps
  2 ufetubi (D:4)
  A worm (D:2)
  A dart slug (D:5)
  59 orcs
  6 ball pythons
  4 endoplasms
  2 giant cockroaches (D:4)
  6 goblins
  8 hobgoblins
  3 jackals (D:4)
  8 kobolds
  4 quokkas
  A frilled lizard (D:3)
  8 rats
305 creatures vanquished.

Vanquished Creatures (others)
  An orc (D:8)
  A fire vortex (Volcano)
  12 fungi
  47 plants
61 creatures vanquished.

Grand Total: 366 creatures vanquished

Notes
Turn   | Place    | Note
-------+----------+-------------------------------------------
     0 | D:1      | alasdair19 the Minotaur Fighter began the quest for the
                  | Orb.
     0 | D:1      | Reached XP level 1. HP: 19/19 MP: 0/0
   285 | D:1      | Reached XP level 2. HP: 27/27 MP: 1/1
  1395 | D:2      | Reached skill level 3 in Maces & Flails
  1395 | D:2      | Reached XP level 3. HP: 18/33 MP: 2/2
  2393 | D:3      | Found a transporter.
  2394 | D:3      | Found a transporter.
  2395 | D:3      | Noticed Garym's ghost (amateur DsAK)
  2398 | D:3      | Noticed an ogre
  2463 | D:3      | Reached XP level 4. HP: 37/40 MP: 3/3
  2739 | D:3      | Reached skill level 1 in Throwing
  3120 | D:3      | Reached XP level 5. HP: 46/46 MP: 4/4
  3327 | D:4      | Found a staircase to the Ecumenical Temple.
  3333 | D:4      | Reached skill level 5 in Armour
  3349 | D:4      | Reached skill level 4 in Maces & Flails
  3357 | D:4      | Reached XP level 6. HP: 47/53 MP: 5/5
  3405 | D:4      | Reached skill level 5 in Shields
  3432 | Temple   | Entered the Ecumenical Temple
  3520 | Temple   | Became a worshipper of Warmaster Okawaru
  3722 | D:4      | Reached skill level 5 in Maces & Flails
  3756 | D:4      | Reached XP level 7. HP: 60/60 MP: 6/6
  3928 | D:5      | Entered Level 5 of the Dungeon
  3949 | D:5      | Reached * piety under Okawaru
  3988 | D:5      | Noticed Prince Ribbit
  4001 | D:5      | Killed Prince Ribbit
  4002 | D:5      | Reached skill level 5 in Fighting
  4002 | D:5      | Reached skill level 6 in Maces & Flails
  4281 | D:5      | Reached XP level 8. HP: 50/68 MP: 7/7
  4293 | D:5      | Reached ** piety under Okawaru
  4514 | D:5      | Found a sparkling altar of Nemelex Xobeh.
  4576 | D:5      | Reached skill level 7 in Maces & Flails
  4666 | D:5      | Noticed Dowan
  4666 | D:5      | Noticed Duvessa
  4778 | D:5      | Killed Duvessa
  4779 | D:5      | Reached skill level 8 in Maces & Flails
  4786 | D:5      | Killed Dowan
  5027 | D:6      | Reached skill level 9 in Maces & Flails
  5485 | D:6      | Reached skill level 10 in Maces & Flails
  5698 | D:6      | Reached XP level 9. HP: 72/75 MP: 8/8
  5699 | D:6      | Reached *** piety under Okawaru
  5776 | D:6      | Reached skill level 5 in Throwing
  6051 | D:6      | Reached skill level 11 in Maces & Flails
  6145 | D:6      | Reached **** piety under Okawaru
  6444 | D:7      | Reached skill level 12 in Maces & Flails
  6496 | D:7      | Found Nunt's Jewellery Emporium.
  6500 | D:7      | Noticed a two-headed ogre
  6524 | D:7      | Killed a two-headed ogre
  6524 | D:7      | Reached ***** piety under Okawaru
  6538 | D:7      | Reached XP level 10. HP: 42/86 MP: 9/9
  6760 | D:7      | Bought a ring of poison resistance for 240 gold pieces
  6843 | D:7      | Reached skill level 13 in Maces & Flails
  7143 | D:7      | Reached skill level 1 in Invocations
  7705 | D:8      | Noticed Maggie
  7722 | D:8      | Killed Maggie
  8681 | D:9      | Noticed a cyclops
  8704 | D:9      | Killed a cyclops
  8830 | D:9      | Noticed Harold
  8830 | D:9      | Noticed Maurice
  8860 | D:9      | Killed Harold
  8860 | D:9      | Received a gift from Okawaru
  8861 | D:9      | Reached skill level 14 in Maces & Flails
  8876 | D:9      | Killed Maurice
  9320 | D:9      | Noticed Joseph
  9330 | D:9      | Killed Joseph
  9656 | D:10     | Entered Level 10 of the Dungeon
  9683 | D:10     | Noticed a tengu warrior
  9712 | D:10     | Killed a tengu warrior
  9712 | D:10     | Received a gift from Okawaru
  9713 | D:10     | Reached XP level 11. HP: 62/94 MP: 11/13
  9863 | D:10     | Noticed Nergalle
  9886 | D:10     | Killed Nergalle
  9887 | D:10     | Reached skill level 10 in Shields
  9958 | D:10     | Found a flagged portal.
  9968 | Bailey   | Entered a bailey
 10042 | Bailey   | Identified the +2 leather armour of the Gloaming {rPois
                  | Int+5 Dex+2}
 10057 | Bailey   | Found a burning altar of Makhleb.
 10177 | D:10     | Noticed Gastronok
 10192 | D:10     | Killed Gastronok
 10192 | D:10     | Received a gift from Okawaru
 10192 | D:10     | Reached ****** piety under Okawaru
 10193 | D:10     | Reached skill level 1 in Evocations
 10487 | D:10     | Identified a scroll of acquirement
 10586 | D:10     | Noticed Erica
 10600 | D:10     | Killed Erica
 10601 | D:10     | Reached skill level 10 in Armour
 10987 | D:11     | Noticed a boulder beetle
 11004 | D:11     | Reached skill level 5 in Invocations
 11014 | D:11     | Killed a boulder beetle
 11064 | D:11     | Found a staircase to the Orcish Mines.
 11392 | D:11     | Identified the +4 demon whip of Wounding {freeze, Str-3
                  | Int+6} (Okawaru gifted it to you on level 11 of the
                  | Dungeon)
 11392 | D:11     | Received a gift from Okawaru
 11425 | D:11     | Noticed a two-headed ogre
 11434 | D:11     | Killed a two-headed ogre
 11864 | D:11     | Found a staircase to the Lair.
 11875 | Lair:1   | Entered Level 1 of the Lair of Beasts
 11908 | Lair:1   | Reached XP level 12. HP: 101/104 MP: 15/15
 12423 | Lair:1   | You fall into a shaft and drop 1 floor!
 12826 | Lair:1   | Identified the +0 tower shield of the Nexus {rElec Str-5
                  | Dex+3} (Okawaru gifted it to you on level 1 of the Lair of
                  | Beasts)
 12826 | Lair:1   | Received a gift from Okawaru
 13738 | Lair:2   | Found a large runed translucent door.
 13738 | Lair:2   | Found a large runed translucent door.
 13739 | Lair:2   | Noticed Haraddelas's ghost (journeyman OpTm)
 14175 | Lair:2   | Noticed a boulder beetle
 14189 | Lair:2   | Killed a boulder beetle
 14599 | Lair:3   | Noticed a seven-headed hydra
 14599 | Lair:3   | Noticed a six-headed hydra
 14611 | Lair:3   | Killed a seven-headed hydra
 14612 | Lair:3   | Reached skill level 10 in Fighting
 14621 | Lair:3   | Killed a six-headed hydra
 14730 | Lair:3   | Found a staircase to the Swamp.
 14741 | Lair:3   | Found a staircase to the Snake Pit.
 14846 | Lair:3   | Found a dark tunnel.
 14855 | Volcano  | Entered a volcano
 15292 | Volcano  | Reached XP level 13. HP: 90/113 MP: 17/17
 15480 | Volcano  | HP: 3/113 [lindwurm/blast of flame (12)]
 15491 | Volcano  | HP: 4/113 [lindwurm/blast of flame (13)]
 15492 | Volcano  | Killed from afar by a lindwurm

Illustrated notes

Levels and vault maps discovered:
D:1:      lemuel_arrival_rhombus, layout_loops_ring, minmay_3d_cube
D:2:      layout_basic
D:3:      layout_basic, gammafunk_ghost_smash, serial_bayou,
          serial_bayou_shore_a, serial_bayou_ford_a, serial_bayou_pond_c,
          serial_bayou_pond_b
D:4:      layout_rooms, minmay_temple_entry_overgrown
D:5:      layout_cave_pools, nemelex_spade_bored_becter, uniq_prince_ribbit1,
          uniq_duvessa
D:6:      layout_gridville, grunt_ministairs_11, nicolae_zen_rock_garden
D:7:      layout_basic, serial_shops, nicolae_shop_window_shopping
D:8:      layout_rooms, uniq_maggie
D:9:      layout_cave_pods, uniq_harold, uniq_joseph, uniq_maurice
D:10:     layout_basic, enter_bailey_2, hex_medium, uniq_gastronok, uniq_erica,
          uniq_nergalle
D:11:     layout_irregular_city, grunt_lair_entry_orc_guard_hut, david_orc_5,
          nicolae_trove_entry_columns
Temple:   minmay_crystal_snake_temple
Lair:1:   layout_chaotic_city, worms_lemuel
Lair:2:   layout_small_grid, ebering_ghost_disaster_area,
          minmay_lair_oklob_chamber, grunt_megastairs_2
Lair:3:   layout_roguey, minmay_swamp_entry_swarm, guppyfry_snake_entry_island,
          nicolae_volcano_entry_batcave, kennysheep_basilisk_garden
Volcano:  volcano_aerie

Skill      XL: |  1  2  3  4  5  6  7  8  9 10 11 12 |
---------------+-------------------------------------+-----
Shields        | 4 5 6 8 9 11 13 | 13.4
Armour         | 4 5 6 7 8 9 10 11 | 11.5
Maces & Flails | 3 4 5 6 10 12 14 | 14.2
Fighting       | 4 5 7 9 10 | 10.1
Throwing       | 1 2 3 4 5 6 7 |  7.6
Invocations    | 4 5 7 |  7.4
Evocations     | 3 |  3.8
Dodging        | |  0.1

Action                   |  1- 3 |  4- 6 |  7- 9 | 10-12 | 13-15 || total
-------------------------+-------+-------+-------+-------+-------++-------
Melee: Flail             |    78 |   103 |   256 |   795 |    21 ||  1253
       Headbutt          |    12 |    12 |    56 |   182 |     6 ||   268
Throw: Dart              |       |     6 |    52 |    69 |       ||   127
       Boomerang         |       |       |       |     4 |       ||     4
       Throwing net      |       |       |       |     3 |       ||     3
Invok: Finesse           |       |       |       |     2 |       ||     2
       Heroism           |       |       |       |     1 |       ||     1
Evoke: Wand              |       |       |       |     3 |       ||     3
  Use: Scroll            |     7 |     1 |     4 |    15 |     1 ||    28
       Potion            |       |     2 |       |     2 |     1 ||     5
 Stab: Held in net/web   |       |       |       |     1 |       ||     1
Armor: Scale mail        |    34 |    11 |       |       |       ||    45
       Skin              |       |    21 |       |       |       ||    21
       Chain mail        |       |    61 |   140 |    29 |       ||   230
       Plate armour      |       |       |       |   313 |     6 ||   319
Dodge: Dodged            |    22 |    23 |    68 |   119 |     1 ||   233
Block: Kite shield       |    38 |    65 |   145 |   614 |     6 ||   868
       Reflection        |       |       |       |    34 |       ||    34
